 Dungeon Crawl Stone Soup version 0.21.1-1-g345015fe64 (webtiles) character file.

148 Revguard the Chiller (level 5, -2/40 HPs)
             Began as a Draconian Ice Elementalist on June 4, 2018.
             Was an Initiate of Sif Muna.
             Slain by a river rat (8 damage)
             ... on level 3 of the Dungeon.
             The game lasted 00:23:42 (2223 turns).

Revguard the Chiller (Draconian Ice Elementalist)   Turns: 2223, Time: 00:23:44

Health: -2/40      AC:  6    Str: 10    XL:     5   Next: 8%
Magic:  1/9        EV: 12    Int: 17    God:    Sif Muna [......]
Gold:   187        SH:  0    Dex: 11    Spells: 3/9 levels left

rFire    . . .     SeeInvis .   l - +1 trident
rCold    . . .     Gourm    .   (no shield)
rNeg     . . .     Faith    .   (armour unavailable)
rPois    .         Spirit   .   (helmet restricted)
rElec    .         Reflect  .   (no cloak)
rCorr    .         Harm     .   f - +0 pair of gloves
MR       .....                  (no boots)
Stlth    +.........             (no amulet)
HPRegen  0.13/turn              (no ring)
MPRegen  0.11/turn              (no ring)

@: very slightly contaminated, very slow
A: unfitting armour, cold-blooded, AC +5
a: Renounce Religion


You were on level 3 of the Dungeon.
You worshipped Sif Muna.
Sif Muna was noncommittal.
You were not hungry.

You visited 1 branch of the dungeon, and saw 3 of its levels.

You collected 187 gold pieces.

Inventory:

Hand Weapons
 l - a +1 trident (weapon)
Armour
 f - a +0 pair of gloves (worn)
Scrolls
 c - a scroll of enchant weapon
 h - 2 scrolls of remove curse
Potions
 d - a potion of brilliance
 p - a potion of berserk rage
Books
 a - a book of Frost

   Spells                             Type                      Level
   a - Freeze                         Ice                          1
   b - Throw Frost                    Conjuration/Ice              2
   c - Ozocubu's Armour               Charms/Ice                   3
   d - Throw Icicle                   Conjuration/Ice              4
   e - Summon Ice Beast               Ice/Summoning                4
Comestibles
 b - a ration


   Skills:
 * Level 1.3 Fighting
 * Level 2.0 Polearms
 + Level 2.1 Dodging
 + Level 1.8 Stealth
 + Level 2.8 Spellcasting
 * Level 2.2 Conjurations
 + Level 3.6 Ice Magic


You had 3 spell levels left.
You knew the following spells:

 Your Spells              Type           Power        Failure   Level  Hunger
a - Freeze                Ice            ##..         4%          1    #......
b - Throw Frost           Conj/Ice       ##....       8%          2    ##.....
c - Ozocubu's Armour      Chrm/Ice       #.......     26%         3    ###....


Dungeon Overview and Level Annotations

Branches:
Dungeon (3/15)

Altars:
Sif Muna
Trog

Annotations:
D:3 Ijyb


Innate Abilities, Weirdness & Mutations

Your plain brown scales are hard. (AC +5)
You cannot fit into any form of body armour.
You are cold-blooded and may be slowed by cold attacks.


Message History

Attack whom?
Press: ? - help, Dir - move target cursor, f - river rat
Aim: a river rat You reach to attack!
You closely miss the river rat.
Your unstable footing causes you to fumble your attack.
The river rat closely misses you.
Your unstable footing causes you to fumble your attack.
The river rat barely misses you.
You hit the river rat but do no damage. You tail-slap the river rat.
The river rat is moderately wounded.
The river rat closely misses you.
Casting: Throw Frost
Confirm with . or Enter, or press ? or * to list all spells.
Aiming: Freeze
Press: ? - help, Shift-Dir - straight line, f/p - river rat
Aim: a river rat (moderately wounded)
You freeze the river rat.
The river rat is severely wounded.
The river rat bites you!
You die...

#.......# #.#####.#
#######.## #.#
##≈.≈.≈##.####.####
#.#####≈#.#...†...#
#≈#*≈*#≈#†#.#####.#
#≈#≈*≈#≈#≈#.# #.#
#.#≈*∩#≈#≈#.# #.#
#≈#≈**#@#≈#.# #.#
########≈#≈≈≈r##≈#.#####.#
#......#≈#######≈#.......#
#.#######≈.≈≈.≈≈####..####
#.# ######### #..# #.# #.#
#..# ###.# #<# #..# .##.#
#.# #..# .##.# #(#####..#


You could see a river rat.

Vanquished Creatures
  7 gnolls (D:3)
  3 adders
  A river rat (D:3)
  A dart slug (D:2)
  3 leopard geckos
  A giant cockroach (D:3)
  3 hobgoblins
  6 kobolds
  8 bats
  3 frilled lizards
  5 goblins
  3 rats
44 creatures vanquished.

Notes
Turn   | Place    | Note
-------+----------+-------------------------------------------
     0 | D:1      | Revguard the Draconian Ice Elementalist began the quest for the Orb.
     0 | D:1      | Reached XP level 1. HP: 14/14 MP: 3/3
   260 | D:1      | Reached XP level 2. HP: 19/20 MP: 0/5
   291 | D:1      | Learned a level 2 spell: Throw Frost
  1081 | D:2      | Reached XP level 3. HP: 27/27 MP: 6/6
  1294 | D:2      | Reached skill level 1 in Fighting
  1300 | D:2      | Found a bloodstained altar of Trog.
  1694 | D:2      | Found a deep blue altar of Sif Muna.
  1697 | D:2      | Became a worshipper of Sif Muna the Loreminder
  1717 | D:2      | Learned a level 3 spell: Ozocubu's Armour
  1952 | D:3      | Reached XP level 4. HP: 14/35 MP: 0/7
  1963 | D:3      | Reached skill level 1 in Polearms
  1969 | D:3      | Noticed Ijyb
  2097 | D:3      | HP: 2/52 [gnoll/spear (2)]
  2164 | D:3      | Reached XP level 5. HP: 3/40 MP: 2/9
  2223 | D:3      | Slain by a river rat

Skill      XL: |  1  2  3  4  5 |
---------------+----------------+-----
Dodging        | 2 |  2.1
Fighting       | 1 |  1.3
Conjurations   | 2 |  2.2
Polearms       | 1 2 |  2.0
Stealth        | |  1.8
Spellcasting   | |  2.8
Ice Magic      | |  3.6

Action                   |  1- 3 |  4- 6 || total
-------------------------+-------+-------++-------
Melee: Unarmed           |    20 |       ||    20
       Tailslap          |     4 |     2 ||     6
       Spear             |    17 |       ||    17
       Club              |     3 |       ||     3
       Trident           |    18 |    46 ||    64
 Cast: Freeze            |    21 |     7 ||    28
       Throw Frost       |     8 |     4 ||    12
       Ozocubu's Armour  |     2 |     1 ||     3
  Use: Scroll            |       |     7 ||     7
       Potion            |       |     5 ||     5
 Stab: Sleeping          |     3 |       ||     3
  Eat: Ration            |     1 |     1 ||     2
Armor: Skin              |    22 |    25 ||    47
Dodge: Dodged            |    55 |    35 ||    90
